 Dungeon Crawl Stone Soup version 0.17-a0-854-g4a4ba72 (webtiles) character file.

54135 FedoraBrony69 the Warrior (level 14, -7/135 HPs)
             Began as a Minotaur Berserker on Apr 28, 2015.
             Was a High Priest of Trog.
             Mangled by a death yak (11 damage)
             ... on level 8 of the Lair of Beasts.
             The game lasted 00:58:38 (17483 turns).

FedoraBrony69 the Warrior (Minotaur Berserker)     Turns: 17483, Time: 00:58:38

Health: -7/135     AC: 16    Str: 29    XL:     14   Next: 33%
Magic:  4/4        EV:  2    Int:  4    God:    Trog [*****.]
Gold:   1164       SH:  0    Dex: 14    Spells: 0 memorised, 13 levels left

rFire  . . .     SeeInvis .     S - +6 flail (antimagic)
rCold  + . .     Clarity  .     D - +0 ring mail "Waneycs" {+Fly rElec MR++}
rNeg   + + +     SustAb   .     G - +0 large shield {rPois}
rPois  ∞         Gourm    .     t - +2 hat
rElec  +         Spirit   .     x - +0 cloak
rCorr  .         Warding  .     w - +0 pair of gloves of Liberty {MR++}
rMut   .         Stasis   .     R - +2 pair of boots
MR     +++++                    P - amulet of regeneration
Stlth  +.........               (no ring)
                                T - ring of Diupli Badd {+Fly rElec MR- Dex+4}

@: exhausted, petrified, regenerating, slowed, almost entirely resistant to
hostile enchantments, very unstealthy
A: retaliatory headbutt, hooves 1, horns 2, thin metallic scales 1, cold
resistance 1, deformed body, sense surroundings 1, slow healing 1, strong 1
a: Burn Spellbooks, Berserk, Trog's Hand, Brothers in Arms, Renounce Religion,
Evoke Flight


You were on level 8 of the Lair of Beasts.
You worshipped Trog.
Trog was extremely pleased with you.
You were very hungry.

You visited 3 branches of the dungeon, and saw 18 of its levels.
You also visited: Sewer and Ice Cave.

You collected 1793 gold pieces.
You spent 629 gold pieces at shops.

Inventory:

Hand weapons
 b - a +5 morningstar
 n - the +8 long sword of Tenacity {holy, rC+ rN+, unknown}
   (You took it off Nessos on level 6 of the Lair of Beasts)

   It has been blessed by the Shining One to cause great damage to the undead
   and demons.
   It protects you from cold.
   It protects you from negative energy.
 F - a +8 antimagic mace
 J - the +10 battleaxe of Idoaroig {antimagic, Int+6, unknown}
   (You found it on level 7 of the Lair of Beasts)

   It disrupts the flow of magical energy around spellcasters and certain
   magical creatures (including the wielder).
   It affects your intelligence (+6).
 S - a +6 antimagic flail (weapon)
Armour
 t - a +2 hat (worn)
 w - the +0 pair of gloves of Liberty (worn) {MR++}
   (You bought it in a shop on level 4 of the Dungeon)

   It affects your resistance to hostile enchantments.
 x - a +0 cloak (worn)
 D - the +0 ring mail "Waneycs" (worn) {+Fly rElec MR++}
   (You bought it in a shop on level 4 of the Dungeon)

   It insulates you from electricity.
   It affects your resistance to hostile enchantments.
   It lets you fly.
 G - a +0 large shield of poison resistance (worn)
 R - a +2 pair of boots (worn)
Jewellery
 a - an uncursed amulet of the gourmand {unknown}
 H - an uncursed ring of protection from fire
 K - an uncursed ring of positive energy
 P - an amulet of regeneration (around neck)
 Q - a cursed -2 ring of intelligence {unknown}
 T - the ring of Diupli Badd (left hand) {+Fly rElec MR- Dex+4}
   (You found it in an ice cave)

   [ring of flight]

   It affects your dexterity (+4).
   It insulates you from electricity.
   It affects your resistance to hostile enchantments.
   It lets you fly.
 X - the ring of Qaxeeq {-Tele +Fly rPois rN+ Dex+6}
   (You found it in an ice cave)

   [ring of poison resistance]

   It affects your dexterity (+6).
   It protects you from poison.
   It protects you from negative energy.
   It lets you fly.
   It prevents most forms of teleportation.
Magical devices
 j - a wand of hasting (3)
 q - a wand of frost (37)
 O - a wand of polymorph (12)
Scrolls
 f - a scroll of noise {unknown}
 h - 9 scrolls of remove curse
 l - 2 scrolls of immolation {unknown}
 p - 3 scrolls of identify
 v - 5 scrolls of teleportation
 y - 2 scrolls of blinking {unknown}
 B - 2 scrolls of fear
 I - 5 scrolls of magic mapping
 L - 5 scrolls of enchant armour
 M - a scroll of enchant weapon
 Z - a scroll of silence {unknown}
Potions
 e - 9 potions of heal wounds
 g - 3 potions of resistance
 i - 12 potions of curing
 k - 7 potions of agility
 m - a potion of flight {unknown}
 r - a potion of lignification {unknown}
 u - 5 potions of haste
 z - a potion of might {unknown}
 C - a potion of restore abilities {unknown}
 N - 2 potions of beneficial mutation {unknown}
 W - 2 potions of brilliance
Comestibles
 c - 18 bread rations
 d - 4 meat rations
 o - 3 beef jerkies
 s - 21 chunks of flesh
 A - a royal jelly
 E - 11 fruits


   Skills:
 - Level 15.5 Fighting
 - Level 15.3 Maces & Flails
 * Level 13.5 Armour
 + Level 9.3 Dodging
 * Level 12.1 Shields


You had 13 spell levels left.
You didn't know any spells.

Dungeon Overview and Level Annotations

Branches:
Dungeon (9/15)             Temple (0/1) D:7            Lair (8/8) D:8
  Swamp (0/4) Lair:5        Snake (0/4) Lair:4        Slime (1/6) Lair:6
    Orc (0/4) D:9

Altars:
Cheibriados
Elyvilon
Fedhas
Makhleb
Nemelex Xobeh
Ru
Trog
Yredelemnul
Zin

Shops:
D:4 [   D:6 :(


Innate Abilities, Weirdness & Mutations

You reflexively headbutt those who attack you in melee.
You have a pair of horns on your head.
You have large cloven feet.
You are partially covered in thin metallic scales (AC +2).
Your flesh is cold resistant.
Armour fits poorly on your strangely shaped body.
You passively map a small area around you.
You heal slowly when monsters are visible.
Your muscles are strong. (Str +2)


Message History

The catoblepas gores you!
* * * LOW HITPOINT WARNING * * *
The death yak gores you!
* * * LOW HITPOINT WARNING * * *
The death yak gores you but does no damage.
The catoblepas gores you. The death yak gores you!
* * * LOW HITPOINT WARNING * * *
The death yak gores you!
* * * LOW HITPOINT WARNING * * *
The catoblepas completely misses you. The death yak gores you.
The death yak gores you but does no damage.
The catoblepas barely misses you. The death yak barely misses you.
The death yak gores you!
* * * LOW HITPOINT WARNING * * *
The catoblepas breathes a plume of calcifying dust at you.
The blast of calcifying dust hits you!
* * * LOW HITPOINT WARNING * * *
The death yak gores you but does no damage.
You are engulfed in calcifying dust.
The death yak gores you!!
You die...

###.
##...
* ,
...P *
,... #
, *
,..*
#*, *
#.##
#*, ,
#.Y##
#YY##
, ,,
#@Y.#
, *
#§P.#
* *
#§.P#
*
,#...#
#..##
,
,##..#
, ,
,#...#
# ,
##...#
# , 8
#..÷.#


You could see 3 death yaks and a catoblepas.

Vanquished Creatures
  Rupert (Lair:6)
  An acid blob (Slime:1)
  Maud (Lair:5)
  Nessos (Lair:6)
  The ghost of FedoraBrony69 the Fighter, an experienced MiBe of Trog (D:8)
  3 hydras
  A catoblepas (Lair:7)
  A death yak (Lair:8)
  A hill giant (D:8)
  2 griffons
  3 oklob plants
  6 elephants
  15 black mambas
  13 spiny frogs
  A fire drake (Lair:7)
  14 komodo dragons
  2 polar bears (Lair:3)
  Grinder (D:6)
  9 blink frogs
  4 slime creatures (Lair:6)
  A wyvern (Lair:8)
  2 hungry ghosts (D:9)
  The ghost of eataudio the Skirmisher, an average MiFi (D:3)
  4 vampire mosquitoes (Lair:5)
  49 yaks
  2 basilisks
  A steam dragon (Lair:3)
  4 nagas (Lair:4)
  11 wolves
  5 hippogriffs
  Menkaure (D:5)
  Edmund (D:6)
  A mottled dragon (D:6)
  15 water moccasins
  13 porcupines
  2 sky beasts (D:9)
  15 ice beasts (IceCv)
  A phantom (D:5)
  7 ogres
  An orc warrior (D:7)
  5 centaurs
  2 boring beetles
  12 crocodiles
  Blork the orc (D:6)
  17 giant frogs
  4 big kobolds (Sewer)
  4 scorpions
  16 wights
  6 killer bees (D:8)
  An electric eel (Lair:8)
  7 crimson imps
  A quasit (D:8)
  2 goliath beetles (D:8)
  4 hounds
  A jelly (D:6)
  A giant frog skeleton (D:5)
  3 orc priests
  8 orc wizards
  7 iguanas
  8 worker ants
  18 sheep
  3 hound skeletons
  2 worker ant zombies
  Robin (D:2)
  A gnoll (D:4)
  79 river rats
  23 adders
  A shadow imp (D:9)
  12 white imps (Lair:5)
  7 oozes
  An adder skeleton (D:9)
  An adder zombie (D:9)
  6 worms
  3 giant geckos
  37 orcs
  9 ball pythons
  A giant cockroach (D:3)
  15 goblins
  17 hobgoblins
  9 jackals
  8 quokkas
  14 bats
  6 giant newts
  2 jackal zombies (D:5)
  13 kobolds
  2 quokka skeletons
  12 rats
  2 ballistomycetes (D:7)
  2 fungi
  6 plants (D:4)
641 creatures vanquished.

Vanquished Creatures (collateral kills)
  2 ice dragons (IceCv)
  2 ice statues (IceCv)
  An ice beast (IceCv)
5 creatures vanquished.

Vanquished Creatures (others)
  A troll (IceCv)
  An orc (D:3)
  A giant spore (D:7)
  2 fungi
5 creatures vanquished.

Grand Total: 651 creatures vanquished

Notes
Turn   | Place    | Note
--------------------------------------------------------------
     0 | D:1      | FedoraBrony69, the Minotaur Berserker, began the quest for the Orb.
     0 | D:1      | Reached XP level 1. HP: 19/19 MP: 0/0
   276 | D:1      | Reached skill level 4 in Fighting
   437 | D:1      | Reached XP level 2. HP: 25/27 MP: 1/1
  1043 | D:2      | Reached XP level 3. HP: 23/34 MP: 2/2
  1079 | D:2      | Found a glowing silver altar of Zin.
  1111 | D:2      | Noticed Robin
  1115 | D:2      | Acquired Trog's second power
  1116 | D:2      | Killed Robin
  1427 | D:2      | Reached skill level 5 in Fighting
  1427 | D:2      | Reached XP level 4. HP: 39/42 MP: 3/3
  1500 | D:2      | Reached skill level 5 in Maces & Flails
  1625 | D:3      | Noticed eataudio's ghost (average MiFi)
  1634 | D:3      | Killed eataudio's ghost
  1634 | D:3      | Reached skill level 6 in Fighting
  1634 | D:3      | Reached XP level 5. HP: 35/50 MP: 4/4
  1925 | D:3      | Reached XP level 6. HP: 56/57 MP: 5/5
  2142 | D:3      | Found a bloodstained altar of Trog.
  2284 | D:3      | Found a sparkling altar of Nemelex Xobeh.
  2426 | D:4      | Found Kiuc's Armour Shoppe.
  2538 | D:4      | Found a glowing drain.
  2593 | Sewer    | Entered a sewer
  2858 | Sewer    | Reached skill level 7 in Fighting
  3033 | Sewer    | Reached XP level 7. HP: 57/66 MP: 6/6
  3147 | Sewer    | Acquired Trog's third power
  3174 | Sewer    | Reached skill level 8 in Fighting
  3546 | D:4      | Found a sacrificial altar of Ru.
  3726 | D:4      | Found a snail-covered altar of Cheibriados.
  3871 | D:4      | Found a blossoming altar of Fedhas.
  3889 | D:4      | Noticed an oklob plant
  3933 | D:4      | Killed an oklob plant
  3933 | D:4      | Reached skill level 9 in Fighting
  3933 | D:4      | Reached XP level 8. HP: 78/78 MP: 7/7
  4088 | D:5      | Entered Level 5 of the Dungeon
  4510 | D:5      | Noticed Menkaure
  4519 | D:5      | Killed Menkaure
  4519 | D:5      | Reached skill level 10 in Fighting
  4755 | D:5      | Reached skill level 10 in Maces & Flails
  4919 | D:5      | Found a burning altar of Makhleb.
  5270 | D:6      | Noticed Blork the orc
  5283 | D:6      | Killed Blork the orc
  5283 | D:6      | Reached XP level 9. HP: 61/86 MP: 8/8
  5393 | D:6      | Noticed Edmund
  5401 | D:6      | Killed Edmund
  5426 | D:6      | Found Himm's Antique Weapon Shop.
  5590 | D:6      | Reached skill level 11 in Fighting
  5676 | D:6      | Noticed Grinder
  5677 | D:6      | Paralysed by Grinder for 3 turns
  5688 | D:6      | Killed Grinder
  5783 | D:6      | Found a basalt altar of Yredelemnul.
  5811 | D:6      | Found Hecviz's Book Boutique.
  6243 | D:7      | Received a gift from Trog
  6717 | D:7      | Found a staircase to the Ecumenical Temple.
  6819 | D:7      | Reached skill level 12 in Fighting
  6920 | D:8      | Noticed a hill giant
  6923 | D:8      | Killed a hill giant
  6987 | D:8      | Found a staircase to the Lair.
  6987 | D:8      | Noticed an elephant
  7009 | D:8      | Reached XP level 10. HP: 76/99 MP: 9/9
  7020 | D:8      | Killed an elephant
  7467 | D:8      | Reached skill level 13 in Fighting
  7551 | D:8      | Noticed FedoraBrony69's ghost (experienced MiBe)
  7564 | D:8      | Killed FedoraBrony69's ghost
  8180 | D:9      | Gained mutation: Your muscles are strong. (Str +2) [mutagenic meat]
  8181 | D:9      | Gained mutation: You expend magic power (3 MP) to strengthen your wands. [mutagenic meat]
  8182 | D:9      | Gained mutation: You passively map a small area around you. [mutagenic meat]
  8183 | D:9      | Gained mutation: Your mind is acute. (Int +2) [mutagenic meat]
  8268 | D:9      | Reached skill level 14 in Fighting
  8311 | D:9      | Found a staircase to the Orcish Mines.
  8508 | D:9      | Found a white marble altar of Elyvilon.
  8530 | D:9      | Reached XP level 11. HP: 80/110 MP: 10/10
  8662 | D:9      | Received a gift from Trog
  8673 | D:9      | Got a slimy robe
  8844 | Lair:1   | Entered Level 1 of the Lair of Beasts
  9218 | Lair:1   | Noticed an eight-headed hydra
  9224 | Lair:1   | Killed an eight-headed hydra
 10008 | Lair:2   | Reached skill level 15 in Fighting
 10260 | Lair:3   | Found a basalt altar of Yredelemnul.
 10334 | Lair:3   | Reached skill level 15 in Maces & Flails
 10779 | Lair:3   | Reached skill level 5 in Armour
 11097 | Lair:3   | Reached XP level 12. HP: 121/121 MP: 11/11
 11595 | D:4      | Bought the +0 pair of gloves of Liberty {MR++} for 199 gold pieces
 11595 | D:4      | Bought the +0 ring mail "Waneycs" {+Fly rElec MR++} for 285 gold pieces
 11595 | D:4      | Bought a +0 large shield of poison resistance for 85 gold pieces
 11706 | D:6      | Bought a glowing whip for 60 gold pieces
 11917 | Lair:3   | Received a gift from Trog
 11917 | Lair:3   | Reached skill level 1 in Shields
 11962 | Lair:4   | Found a staircase to the Snake Pit.
 12264 | Lair:4   | Reached skill level 5 in Dodging
 12843 | Lair:5   | Found a frozen archway.
 12874 | Lair:5   | Noticed Maud
 12884 | Lair:5   | Killed Maud
 12884 | Lair:5   | Received a gift from Trog
 12884 | Lair:5   | Reached skill level 5 in Shields
 13050 | Lair:5   | Got a smoking falchion
 13065 | IceCv    | Entered an ice cave
 13308 | IceCv    | Noticed an ice dragon
 13308 | IceCv    | Noticed an ice dragon
 13315 | IceCv    | Killed an ice dragon
 13317 | IceCv    | Killed an ice dragon
 13328 | IceCv    | Got a clouded marble ring
 13332 | IceCv    | Got a brightly glowing zirconium amulet
 13334 | IceCv    | Got a heavily runed pewter ring
 13384 | IceCv    | Identified the amulet of Taolanokk {Stasis MR+} (You found it in an ice cave)
 13388 | IceCv    | Identified the ring of Qaxeeq {-Tele +Fly rPois rN+ Dex+6} (You found it in an ice cave)
 13390 | IceCv    | Identified the ring of Diupli Badd {+Fly rElec MR- Dex+4} (You found it in an ice cave)
 13574 | Lair:5   | Noticed an eight-headed hydra
 13583 | Lair:5   | Killed an eight-headed hydra
 13740 | Lair:5   | Found a staircase to the Swamp.
 14098 | Lair:5   | You fall through a shaft for 3 floors!
 14098 | Lair:8   | Entered Level 8 of the Lair of Beasts
 14211 | Lair:7   | Reached XP level 13. HP: 127/127 MP: 12/12
 14275 | Lair:7   | Reached skill level 10 in Armour
 14329 | Lair:5   | Received a gift from Trog
 14332 | Lair:5   | Got a warped bardiche {god gift}
 14633 | Lair:1   | Gained mutation: Potions and wands are less effective at restoring your health. [potion of mutation]
 14633 | Lair:1   | Gained mutation: Your flesh is cold resistant. [potion of mutation]
 14633 | Lair:1   | Gained mutation: You are partially covered in thin metallic scales (AC +2). [potion of mutation]
 14634 | Lair:1   | Gained mutation: You have large cloven feet. [potion of mutation]
 14634 | Lair:1   | Gained mutation: Armour fits poorly on your strangely shaped body. [potion of mutation]
 14634 | Lair:1   | Lost mutation: You expend magic power (3 MP) to strengthen your wands. [potion of mutation]
 14804 | Lair:6   | Noticed Rupert
 14813 | Lair:6   | Killed Rupert
 14871 | Lair:6   | Noticed Nessos
 14893 | Lair:6   | Killed Nessos
 14980 | Lair:6   | Got an uncursed faintly glowing long sword {holy}
 14990 | Lair:6   | Found a staircase to the Snake Pit.
 15036 | Lair:6   | Reached skill level 10 in Shields
 15114 | Lair:6   | Found a staircase to the Slime Pits.
 15755 | Slime:1  | Entered Level 1 of the Pits of Slime
 15759 | Slime:1  | Noticed an acid blob
 15769 | Slime:1  | Killed an acid blob
 16004 | Lair:7   | Received a gift from Trog
 16184 | Lair:7   | Got a crude battleaxe
 16225 | Lair:7   | Noticed a catoblepas
 16247 | Lair:7   | Killed a catoblepas
 16247 | Lair:7   | Reached XP level 14. HP: 108/135 MP: 4/13
 16743 | Lair:8   | Lost mutation: Potions and wands are less effective at restoring your health. [potion of mutation]
 16743 | Lair:8   | Gained mutation: You heal slowly when monsters are visible. [potion of mutation]
 16743 | Lair:8   | Lost mutation: Your mind is acute. (Int +2) [potion of mutation]
 17002 | Lair:8   | Received a gift from Trog
 17449 | Lair:8   | Noticed a catoblepas
 17480 | Lair:8   | HP: 5/135 [death yak (5)]
 17483 | Lair:8   | Mangled by a death yak

Action                   |  1- 3 |  4- 6 |  7- 9 | 10-12 | 13-15 || total
-------------------------+-------+-------+-------+-------+-------++-------
Melee: Mace              |    57 |   137 |   388 |    10 |   200 ||   792
       Dire flail        |       |       |     9 |   254 |       ||   263
       Great mace        |       |       |       |   171 |       ||   171
       Morningstar       |       |       |       |   249 |   246 ||   495
       Flail             |       |       |       |       |   103 ||   103
Invok: Berserk           |     1 |     2 |     9 |    10 |     4 ||    26
       Trog's Hand       |       |       |     3 |    13 |     4 ||    20
       Brothers in Arms  |       |       |       |     2 |       ||     2
  Use: Scroll            |       |       |     3 |    12 |     2 ||    17
       Potion            |       |       |       |       |     3 ||     3
 Stab: Paralysed         |       |       |     1 |       |       ||     1
  Eat: Chunk             |     3 |     7 |    20 |    31 |    17 ||    78
       Pizza             |       |       |     1 |     1 |       ||     2
       Beef jerky        |       |       |       |     2 |       ||     2
       Meat ration       |       |       |       |     1 |       ||     1
       Fruit             |       |       |       |     1 |       ||     1
